 Dungeon Crawl Stone Soup version 0.21.1-1-g345015fe64 (webtiles) character file.

79 Lusmu the Ducker (level 4, -2/33 HPs)
             Began as a Human Wanderer on Apr 8, 2018.
             Slain by a worm (10 damage)
             ... on level 2 of the Dungeon.
             The game lasted 00:08:48 (2051 turns).

Lusmu the Ducker (Human Wanderer)                   Turns: 2051, Time: 00:08:49

Health: -2/33      AC:  5    Str: 12    XL:     4   Next: 62%
Magic:  4/4        EV: 13    Int: 12    God:
Gold:   18         SH:  0    Dex: 14    Spells: 3/3 levels left

rFire    . . .     SeeInvis .   g - +0 spear
rCold    . . .     Gourm    .   (no shield)
rNeg     . . .     Faith    .   a - +2 leather armour
rPois    .         Spirit   .   (no helmet)
rElec    .         Reflect  .   (no cloak)
rCorr    .         Harm     .   (no gloves)
MR       .....                  (no boots)
Stlth    ++........             (no amulet)
HPRegen  0.11/turn              (no ring)
MPRegen  0.09/turn              (no ring)

@: no status effects
A: no striking features
a: no special abilities


You were on level 2 of the Dungeon.
You were not hungry.

You visited 1 branch of the dungeon, and saw 2 of its levels.

You collected 18 gold pieces.

Inventory:

Hand Weapons
 g - a +0 spear (weapon)
Missiles
 k - 8 poisoned needles
 p - 34 arrows
 r - 48 sling bullets
 t - 19 bolts
Armour
 a - a +2 leather armour (worn)
 o - a +0 scale mail
Wands
 c - a wand of random effects (13)
Scrolls
 e - a scroll of enchant weapon {unknown}
 j - 2 scrolls of remove curse {unknown}
 m - 2 scrolls of identify {unknown}
 n - 2 scrolls of enchant armour {unknown}
 s - a scroll of teleportation {unknown}
Potions
 f - 2 potions of curing
 h - a potion of might {unknown}
 i - a potion of heal wounds {unknown}
 l - a potion of agility {unknown}
 q - a potion of flight {unknown}
Comestibles
 b - 5 chunks of flesh
 d - 3 rations


   Skills:
 + Level 1.7 Fighting
   Level 2.2(2.6) Short Blades
   Level 2.0(2.5) Long Blades
 * Level 1.2 Polearms
   Level 3.0 Bows
 - Level 3.0 Dodging
 - Level 1.5 Stealth
   Level 1.0 Shields
 - Level 1.0 Evocations


You had 3 spell levels left.
You didn't know any spells.

Dungeon Overview and Level Annotations

Branches:
Dungeon (2/15)

Altars:


Message History

The worm is severely wounded.
The worm bites you!
You barely miss the worm.
The worm is severely wounded.
The worm bites you.
You barely miss the worm.
The worm is severely wounded.
You hit the worm.
The worm is severely wounded.
The worm bites you.
* * * LOW HITPOINT WARNING * * *
You hit the worm but do no damage.
The worm is severely wounded.
You hit the worm but do no damage.
The worm is severely wounded.
The worm barely misses you.
You barely miss the worm.
The worm is severely wounded.
The worm bites you!
You die...

#.####.............).#.....#
#.##........##..######...<.#
#......##..###.## #.....#
.....####.## #.# ####.#..
#..#.#....####.# ########
#....#.####....# ≈≈≈≈≈≈≈
#..<##.####....# ####≈....
..............#####..#≈.♣
.....######.....@w...'..♣
.......####...########≈.♣
.#.###........÷.....##≈....
............#######..#≈S≈≈≈≈≈
##..######### ###########
...## #..#.# #### ######÷...#
# ########........## #
#........#####..#


You could see a worm.

Vanquished Creatures
  An ooze (D:1)
  3 worms (D:2)
  3 dart slugs
  2 leopard geckos
  5 giant cockroaches (D:1)
  4 goblins
  5 hobgoblins
  4 jackals (D:1)
  10 kobolds
  5 bats
  5 frilled lizards
  7 rats
54 creatures vanquished.

Notes
Turn   | Place    | Note
-------+----------+-------------------------------------------
     0 | D:1      | Lusmu the Human Wanderer began the quest for the Orb.
     0 | D:1      | Lusmu set off with: a +2 leather armour, a +0 short sword, a wand of random effects (15), a ration
     0 | D:1      | Reached XP level 1. HP: 13/13 MP: 1/1
   109 | D:1      | Reached XP level 2. HP: 17/20 MP: 2/2
   120 | D:1      | Reached skill level 1 in Short Blades
   157 | D:1      | Reached skill level 1 in Stealth
   242 | D:1      | Reached XP level 3. HP: 25/25 MP: 3/3
   249 | D:1      | Reached skill level 1 in Fighting
   759 | D:1      | Reached XP level 4. HP: 30/32 MP: 4/4
  1781 | D:2      | Reached skill level 1 in Polearms
  2051 | D:2      | Slain by a worm

Skill      XL: |  1  2  3  4 |
---------------+-------------+-----
Short Blades   | 1 2 |  2.2
Stealth        | 1 |  1.5
Fighting       | 1 |  1.7
Polearms       | 1 |  1.2
Long Blades    | |  2.0
Bows           | |  3.0
Dodging        | |  3.0
Shields        | |  1.0
Evocations     | |  1.0

Action                   |  1- 3 |  4- 6 || total
-------------------------+-------+-------++-------
Melee: Short sword       |   154 |    14 ||   168
       Spear             |       |   132 ||   132
Evoke: Wand              |       |     2 ||     2
  Use: Potion            |     1 |       ||     1
 Stab: Sleeping          |       |     1 ||     1
  Eat: Chunk             |       |     4 ||     4
Armor: Leather armour    |    45 |    37 ||    82
Dodge: Dodged            |   125 |    69 ||   194
